 Dungeon Crawl Stone Soup version 0.29.1-13-g9f3cf754e1 (webtiles) character file.

Game seed: 2471402530628996544

188 RapScallion the Covert (level 6, -1/36 HPs)
             Began as a Kobold Brigand on Jan 20, 2023.
             Slain by an iguana (4 damage)
             ... on level 4 of the Dungeon.
             The game lasted 00:15:28 (3008 turns).

RapScallion the Covert (Kobold Brigand)             Turns: 3008, Time: 00:15:28

Health: -1/36      AC:  7    Str:  8    XL:     6   Next: 0%
Magic:  6/6        EV: 13    Int: 14    God:
Gold:   231        SH:  0    Dex: 23    Spells: 5/5 levels left

rFire   . . .      SeeInvis +   a - +2 dagger
rCold   . . .      Faith    .   (no shield)
rNeg    . . .      Spirit   .   m - +0 leather armour
rPois   .          Reflect  .   c - +0 helmet
rElec   .          Harm     .   j - +2 cloak
rCorr   .          Rampage  .   (no gloves)
Will    .....                   (no boots)
Stlth   +++++.....              (no amulet)
HPRegen 0.12/turn               n - +6 ring of dexterity
MPRegen 0.10/turn               o - ring of see invisible

@: no status effects
A: small, no large weapons, nightstalker 3
a: no special abilities


You were on level 4 of the Dungeon.
You visited 1 branch of the dungeon, and saw 4 of its levels.

You collected 231 gold pieces.

Inventory:

Hand Weapons
 a - a +2 dagger (weapon)
Missiles
 d - 20 poisoned darts (quivered)
 e - 3 curare-tipped darts
 l - 6 silver javelins
Armour
 b - a +0 robe
 c - a +0 helmet (worn)
 j - a +2 cloak (worn)
 m - a +0 leather armour (worn)
Jewellery
 n - a +6 ring of dexterity (left hand)
 o - a ring of see invisible (right hand)
 q - a ring of flight
Scrolls
 f - 3 scrolls of brand weapon {unknown}
 g - 5 scrolls of teleportation
 i - a scroll of enchant weapon
 p - a scroll of noise {unknown}
 s - a scroll of fog {unknown}
 u - a scroll of blinking {unknown}
Potions
 h - 2 potions of mutation
 k - 2 potions of lignification
 r - 2 potions of degeneration
 t - a potion of ambrosia {unknown}


   Skills:
 + Level 2.6 Fighting
 + Level 4.0 Short Blades
 + Level 2.7 Throwing
 + Level 0.4 Armour
 + Level 1.2 Dodging
 + Level 8.1 Stealth


You had 5 spell levels left.
You didn't know any spells.
Your spell library contained the following spells:

 Spells                   Type           Power      Damage    Failure   Level
 Conjure Flame            Conj/Fire      0%         6-21      77%         3
 Ignite Poison            Fire/Tmut/Pois 0%         N/A       77%         3
 Sticky Flame             Conj/Fire      0%         2d3       99%         4


Dungeon Overview and Level Annotations

Branches:
Dungeon (4/15)
 Temple: D:4-7

Altars:

Shops:
D:3 [   D:4 !


Innate Abilities, Weirdness & Mutations

You are small and have problems with some larger weapons.
You are completely attuned to the shadows.


Message History

There is an open door here.
There is an open door here.
You open the door.
There is an open door here.
Found 5 poisoned darts.
d - 20 poisoned darts (gained 5)
Found an escape hatch in the floor.
There is an escape hatch in the floor here.
An orc comes into view. It is wielding a +0 club.
You hit the orc.
The orc is moderately wounded.
The orc hits you but does no damage.
You closely miss the orc.
The orc is moderately wounded.
The orc barely misses you.
You hit the orc.
You kill the orc!
Your Short Blades skill increases to level 4!
Things that are here:
a +0 club; an orc corpse An endoplasm comes into view.
The helpless endoplasm fails to defend itself.
You spit the endoplasm like a pig!!!
You kill the endoplasm!
You have reached level 6!
Found a stone staircase leading down.
There is a stone staircase leading down here.
Found a leather armour.
Found an escape hatch in the ceiling.
There is an escape hatch in the ceiling here.
You open the door.
An iguana comes into view.
The iguana hisses angrily.
The iguana bites you!
There is an open door, spattered with blood here.
You hit the iguana but do no damage. The iguana bites you!
You hit the iguana but do no damage. The iguana bites you!
* * * LOW HITPOINT WARNING * * *
You hit the iguana but do no damage. The iguana bites you.
You die...

##............
#............
#............
#######...... ....
#...... .... #......
.... ######.
...l################.
....@.............<..
....#################
.... .... #...


You could see an iguana.

Vanquished Creatures
  A phantom (D:3)
  6 adders
  A worm (D:3)
  2 dart slugs
  4 orcs
  4 ball pythons
  2 bats
  5 endoplasms
  2 giant cockroaches
  3 goblins
  3 hobgoblins
  3 jackals (D:1)
  A quokka (D:3)
  5 frilled lizards
  5 kobolds
  5 rats
52 creatures vanquished.

Notes
Turn   | Place    | Note
-------+----------+-------------------------------------------
     0 | D:1      | RapScallion the Kobold Brigand began the quest for the Orb.
     0 | D:1      | Reached XP level 1. HP: 12/12 MP: 1/1
   224 | D:1      | Reached XP level 2. HP: 18/18 MP: 2/2
   896 | D:1      | Found a faded altar of an unknown god.
  1129 | D:2      | Reached skill level 6 in Stealth
  1143 | D:2      | Reached XP level 3. HP: 22/22 MP: 3/3
  1287 | D:2      | Reached XP level 4. HP: 27/27 MP: 4/4
  1747 | D:3      | Reached skill level 7 in Stealth
  2085 | D:3      | Reached XP level 5. HP: 30/31 MP: 5/5
  2221 | D:3      | Noticed a phantom
  2225 | D:3      | Killed a phantom
  2283 | D:3      | Reached skill level 8 in Stealth
  2577 | D:3      | Found Numm's Armour Emporium.
  2789 | D:4      | Found Oreoqa's Distillery.
  2860 | D:4      | Noticed a phantom
  2938 | D:4      | Reached XP level 6. HP: 36/36 MP: 6/6
  3008 | D:4      | Slain by an iguana

Illustrated notes

Levels and vault maps discovered:
D:1:      zaba_arrival_water, layout_basic,
          hellmonk_ecumenical_altar_arch_garden
D:2:      layout_loops_ring
D:3:      layout_loops_cross, serial_shops, shop, kennysheep_crisscross,
          serial_park_tiny_1
D:4:      layout_basic, serial_shops, nicolae_shop_stone, st_stairs_8,
          amethyst_killhole, kennysheep_windowed_goal

Skill      XL: |  1  2  3  4  5 |
---------------+----------------+-----
Stealth        | 6 7 8 |  8.1
Short Blades   | 3 4 |  4.0
Fighting       | |  2.6
Throwing       | |  2.7
Armour         | |  0.4
Dodging        | |  1.2

Action                   |  1- 3 |  4- 6 || total
-------------------------+-------+-------++-------
Melee: Dagger            |    38 |    63 ||   101
  Use: Scroll            |       |     5 ||     5
 Stab: Sleeping          |    14 |    15 ||    29
       Distracted        |     1 |     1 ||     2
Armor: Robe              |     3 |       ||     3
       Leather armour    |       |    14 ||    14
Dodge: Dodged            |    13 |    24 ||    37
